 Dungeon Crawl Stone Soup version 0.27-a0-1140-g099f9bb0e8 (webtiles) character file.

Game seed: 16441943499507049703

345 DasRunzen the Ducker (level 6, -1/47 HPs)
             Began as a Demonspawn Gladiator on May 10, 2021.
             Was a Believer of Kikubaaqudgha.
             Killed from afar by Ijyb (9 damage)
             ... with a puff of flame
             ... on level 4 of the Dungeon.
             The game lasted 00:04:18 (3630 turns).

DasRunzen the Ducker (Demonspawn Gladiator)         Turns: 3630, Time: 00:04:19

Health: -1/47      AC:  5    Str: 14    XL:     6   Next: 32%
Magic:  8/8        EV: 12    Int: 12    God:    Kikubaaqudgha [**....]
Gold:   168        SH:  0    Dex: 14    Spells: 6/8 levels left

rFire    . . .     SeeInvis .   a - +1 long sword
rCold    . . .     Faith    .   (no shield)
rNeg     . . .     Spirit   .   b - +0 leather armour
rPois    .         Reflect  .   c - +0 helmet
rElec    .         Harm     .   (no cloak)
rCorr    .         Rampage  .   (no gloves)
Will     .....                  i - +0 pair of boots
Stlth    +.........             (no amulet)
HPRegen  0.15/turn              (no ring)
MPRegen  0.22/turn              (no ring)

@: no status effects
A: magic regeneration
a: Renounce Religion, Receive Corpses


You were on level 4 of the Dungeon.
You worshipped Kikubaaqudgha.
Kikubaaqudgha was pleased with you.
You visited 1 branch of the dungeon, and saw 4 of its levels.

You collected 168 gold pieces.

Inventory:

Hand Weapons
 a - a +1 long sword (weapon)
Missiles
 d - 3 throwing nets (quivered)
Armour
 b - a +0 leather armour (worn)
 c - a +0 helmet (worn)
 i - a +0 pair of boots (worn)
Scrolls
 g - a scroll of acquirement {unknown}
 j - 2 scrolls of teleportation
 k - a scroll of enchant weapon
Potions
 e - a potion of curing
 f - 3 potions of haste
 h - a potion of heal wounds {unknown}
 n - a potion of attraction {unknown}


   Skills:
 + Level 3.3 Fighting
 + Level 3.5 Long Blades
 - Level 1.7 Throwing
 + Level 2.1 Armour
 + Level 3.6 Dodging
 + Level 1.9 Spellcasting
 + Level 2.5 Necromancy


You had 6 spell levels left.
You knew the following spells:

 Your Spells              Type           Power      Damage    Failure   Level
a - Animate Skeleton      Necr           14%        N/A       12%         1
b - Pain                  Necr           28%        1d5       12%         1

Your spell library contained the following spells:

 Spells                   Type           Power      Damage    Failure   Level
 Sublimation of Blood     Necr           3%         N/A       19%         2
 Vampiric Draining        Necr           3%         2d6       34%         3


Dungeon Overview and Level Annotations

Branches:
Dungeon (4/15)
 Temple: D:4-7

Altars:
Kikubaaqudgha

Annotations:
D:4 Ijyb


Innate Abilities, Weirdness & Mutations

You regenerate magic rapidly.


Message History

Ijyb zaps a wand.
The puff of flame hits you but does no damage.
Ijyb screams, "No!
No, no, no, no!"
Ijyb closely misses you.
You riposte.
You barely miss Ijyb.
Ijyb is heavily wounded.
You hit Ijyb but do no damage.
Ijyb is heavily wounded.
Ijyb barely misses you.
You hit Ijyb.
Ijyb is severely wounded.
Ijyb hits you with a +0 club.
You hit Ijyb.
Ijyb is severely wounded.
Ijyb hits you with a +0 club.
You hit Ijyb but do no damage.
Ijyb is severely wounded.
Ijyb closely misses you.
You hit Ijyb.
Ijyb is almost dead.
Ijyb closely misses you.
Ijyb zaps a wand.
The puff of flame hits you!
You are too injured to fight recklessly!
You are too injured to fight recklessly!
You are too injured to fight recklessly!
You are too injured to fight recklessly!
You hit Ijyb but do no damage.
Ijyb is almost dead.
Ijyb zaps a wand.
The puff of flame hits you!
* * * LOW HITPOINT WARNING * * *
You barely miss Ijyb.
Ijyb is almost dead.
Ijyb hits you with a +0 club.
* * * LOW HITPOINT WARNING * * *
You hit Ijyb but do no damage.
Ijyb is almost dead.
Ijyb hits you but does no damage.
You barely miss Ijyb.
Ijyb is almost dead.
Ijyb hits you but does no damage.
Ijyb zaps a wand.
The puff of flame hits you!
You die...
Kikubaaqudgha rasps: "You have failed me!
Welcome... death!"

...........#
####..####.# ###
####.....#.######.##
##.................#
.#†#.....#.######.##
...#.......# #.#
......###### #.#
...#### ##.## .###
#@..# .# #.g.....#
.# #.......# .#
#.....(.# ...
#....>..# ###
#.#...#.# .
#.#...#.# ## #....$.
#


You could see Ijyb.

Vanquished Creatures
  A necrophage (D:3)
  An ogre (D:4)
  A hound (D:4)
  An iguana (D:4)
  An adder (D:3)
  A worm (D:2)
  A dart slug (D:4)
  5 orcs (D:3)
  6 bats
  4 endoplasms
  8 giant cockroaches
  5 hobgoblins
  3 jackals (D:1)
  2 kobolds
  4 ball pythons
  A frilled lizard (D:2)
  5 rats
50 creatures vanquished.

Vanquished Creatures (collateral kills)
  A black bear (D:4)
1 creature vanquished.

Grand Total: 51 creatures vanquished

Notes
Turn   | Place    | Note
-------+----------+-------------------------------------------
     0 | D:1      | DasRunzen the Demonspawn Gladiator began the quest for the
                  | Orb.
     0 | D:1      | Reached XP level 1. HP: 16/16 MP: 1/1
   512 | D:1      | Gained mutation: You regenerate magic rapidly. [demonic
                  | ancestry]
   512 | D:1      | Reached XP level 2. HP: 22/22 MP: 2/2
   534 | D:1      | Found a faded altar of an unknown god.
   579 | D:1      | Became a worshipper of Kikubaaqudgha
   579 | D:1      | Reached * piety under Kikubaaqudgha
   579 | D:1      | Identified Kikubaaqudgha's Reference Book on Darkness
                  | (Kikubaaqudgha gifted it to you on level 1 of the Dungeon)
   579 | D:1      | Received a gift from Kikubaaqudgha
   585 | D:1      | Learned a level 1 spell: Animate Skeleton
  1781 | D:2      | Reached XP level 3. HP: 19/28 MP: 3/3
  2239 | D:3      | Reached skill level 1 in Necromancy
  2306 | D:3      | Reached skill level 1 in Armour
  2384 | D:3      | Noticed a necrophage
  2407 | D:3      | Killed a necrophage
  2407 | D:3      | Reached ** piety under Kikubaaqudgha
  2408 | D:3      | Reached skill level 1 in Spellcasting
  2408 | D:3      | Reached XP level 4. HP: 5/34 MP: 5/5
  2408 | D:3      | Reached XP level 5. HP: 6/40 MP: 6/6
  3114 | D:4      | Noticed an ogre
  3120 | D:4      | Killed an ogre
  3383 | D:4      | Learned a level 1 spell: Pain
  3398 | D:4      | Noticed a black bear
  3403 | D:4      | Killed a black bear
  3404 | D:4      | Reached XP level 6. HP: 29/47 MP: 8/8
  3611 | D:4      | Noticed Ijyb
  3630 | D:4      | Killed from afar by Ijyb

Illustrated notes

Levels and vault maps discovered:
D:1:      dpeg_arrival_erosion, layout_loops_corners, basic_ecumenical_altar,
          st_stairs_5
D:2:      layout_basic
D:3:      layout_rooms
D:4:      layout_loops_cross, yredelemnul_altar_generic, temple_doors_e,
          nicolae_elemental_shop, uniq_ijyb, uniq_duvessa

Skill      XL: |  1  2  3  4  5 |
---------------+----------------+-----
Dodging        | 3 |  3.6
Long Blades    | 3 |  3.5
Necromancy     | 1 2 |  2.5
Armour         | 1 2 |  2.1
Spellcasting   | 1 |  1.9
Fighting       | 3 |  3.3
Throwing       | |  1.7

Action                   |  1- 3 |  4- 6 || total
-------------------------+-------+-------++-------
Melee: Long sword        |    94 |    53 ||   147
 Cast: Animate Skeleton  |       |     1 ||     1
  Use: Scroll            |     3 |     5 ||     8
 Stab: Sleeping          |     2 |       ||     2
Armor: Leather armour    |    44 |    13 ||    57
Dodge: Dodged            |    78 |    29 ||   107
       Rpst.: Long sword |    32 |     9 ||    41

Table legend: (Time is in decaauts)
 A = Elapsed time spent in this place.
 B = Non-inter-level travel time spent in this place.
 C = Inter-level travel time spent in this place.
 D = Time resting spent in this place.
 E = Time spent auto-exploring this place.
 F = Levels seen in this place.
 G = Mean time per level.
                   A        B        C        D        E       F      G
               +--------+--------+--------+--------+--------+-----+--------+
         Total |   3665 |   3601 |     64 |    792 |   2416 |   4 |  916.2 |
       Dungeon |   3665 |   3601 |     64 |    792 |   2416 |   4 |  916.2 |
               +--------+--------+--------+--------+--------+-----+--------+

Top non-repeatable levels by time:
     D:1: 1238 daAuts
     D:2: 990 daAuts
     D:3: 901 daAuts
     D:4: 534 daAuts
